 Dungeon Crawl Stone Soup version 0.23.2-33-g5129a83184 (webtiles) character file.

Game seed: 18244446521429301010

2027 NochnoyZador the Twirler (level 9, -11/54 HPs)
             Began as a Gargoyle Fighter on Aug 12, 2019.
             Was a Follower of Okawaru.
             Mangled by a wyvern (13 damage)
             ... on level 7 of the Dungeon.
             The game lasted 00:25:43 (7110 turns).

NochnoyZador the Twirler (Gargoyle Fighter)         Turns: 7110, Time: 00:25:43

Health: -11/54     AC: 12    Str: 20    XL:     9   Next: 23%
Magic:  11/11      EV: 12    Int: 10    God:    Okawaru [*.....]
Gold:   311        SH:  0    Dex: 11    Spells: 8/8 levels left

rFire    . . .     SeeInvis .   r - +0 quarterstaff
rCold    + . .     Gourm    .   (shield currently unavailable)
rNeg     + . .     Faith    .   u - +0 leather armour {rC+}
rPois    ∞         Spirit   .   (no helmet)
rElec    +         Reflect  .   N - +0 cloak
rCorr    .         Harm     .   m - +0 pair of gloves
MR       .....                  (no boots)
Stlth    +.........             w - amulet of magic regeneration
HPRegen  0.18/turn              k - ring of flight
MPRegen  0.37/turn              (no ring)

@: no status effects
A: negative energy resistance 1, electricity resistance, unbreathing,
petrification resistance, rot immunity, AC +6
a: Heroism, Renounce Religion, Evoke Flight


You were on level 7 of the Dungeon.
You worshipped Okawaru.
Okawaru was aware of your devotion.
You were not hungry.

You visited 2 branches of the dungeon, and saw 8 of its levels.
You also visited: Sewer.

You collected 311 gold pieces.

Inventory:

Hand Weapons
 a - a +0 flail
 l - a +4 hunting sling
 r - a +0 quarterstaff (weapon)
 F - a +0 morningstar
 G - a +4 mace
Missiles
 g - 7 tomahawks
 j - 141 stones
 o - 37 sling bullets
 y - 7 javelins (quivered)
Armour
 b - a +0 scale mail
 c - a +0 shield
 m - a +0 pair of gloves (worn)
 s - a +0 buckler
 u - a +0 leather armour of cold resistance (worn)
 N - a +0 cloak (worn)
Magical Staves
 t - an uncursed staff of energy
 v - an uncursed staff of conjuration
Jewellery
 k - a ring of flight (left hand)
 w - an amulet of magic regeneration (around neck)
Wands
 d - a wand of disintegration (12)
 C - a wand of clouds (4)
Scrolls
 e - a scroll of identify
 h - 3 scrolls of immolation
 i - 2 scrolls of teleportation
 q - 4 scrolls of remove curse
 z - 2 scrolls of enchant weapon
 A - a scroll of random uselessness {unknown}
 E - 10 scrolls of fog
 H - a scroll of summoning {unknown}
 J - 2 scrolls of fear {unknown}
 K - a scroll of magic mapping {unknown}
Potions
 n - 2 potions of berserk rage
 p - 2 potions of brilliance
 x - a potion of mutation
 B - 3 potions of haste
 D - 3 potions of magic
 I - a potion of cancellation
 M - a potion of might
Comestibles
 f - 10 rations


   Skills:
 - Level 5.0 Fighting
 - Level 5.2(6.6) Maces & Flails
 + Level 6.3(7.2) Staves
 + Level 5.4 Armour
 + Level 2.9 Dodging
 - Level 4.0 Shields
 + Level 3.4 Invocations
 + Level 3.2 Evocations


You had 8 spell levels left.
You didn't know any spells.
Your spell library contained the following spells:

 Spells                   Type           Power        Failure   Level  Hunger
 Confusing Touch          Hex            #.....       41%         1    ##.....
 Freeze                   Ice            #...         41%         1    ##.....
 Throw Frost              Conj/Ice       #.....       54%         2    ###....
 Confuse                  Hex            #.......     78%         3    ####...
 Gell's Gravitas          Tloc           #.........   78%         3    ####...
 Ozocubu's Armour         Chrm/Ice       #.......     78%         3    ####...
 Petrify                  Tmut/Erth      #.......     99%         4    #####..
 Summon Ice Beast         Ice/Summ       #.......     99%         4    #####..
 Throw Icicle             Conj/Ice       #.......     99%         4    #####..
 Metabolic Englaciation   Hex/Ice        #.........   100%        5    ######.
 Yara's Violent Unravell  Hex/Tmut       #.........   100%        5    ######.


Dungeon Overview and Level Annotations

Branches:
Dungeon (7/15)             Temple (1/1) D:5

Altars:
Ashenzari
Cheibriados
Dithmenos
Elyvilon
Fedhas
Gozag
Hepliaklqana
Kikubaaqudgha
Makhleb
Nemelex Xobeh
Okawaru
Qazlal
Ru
Sif Muna
Trog
Uskayaw
Vehumet
Wu Jian
Xom
Yredelemnul
Zin
The Shining One

Annotations:
D:6 3 runed translucent doors, harness's ghost, amateur SpWz


Innate Abilities, Weirdness & Mutations

You are resistant to torment.
Your stone body is resilient. (AC +6)
You are immune to poison.
You resist negative energy. (rN+)
You are resistant to electric shocks. (rElec)
You can survive without breathing.
You are immune to petrification.
You are immune to rotting.


Message History

You are too injured to fight recklessly!
You are too injured to fight recklessly!
You feel better. The wyvern bites you. The bullfrog closely misses you.
The wyvern bites you.
You eat one of the 11 rations.
That ration really hit the spot!
The bullfrog misses you. The wyvern bites you.
* * * LOW HITPOINT WARNING * * *
The bullfrog misses you. The wyvern closely misses you.
The bullfrog barely misses you.
The wyvern bites you but does no damage.
You barely miss the wyvern. The wyvern bites you.
* * * LOW HITPOINT WARNING * * *
You hit the wyvern but do no damage. The wyvern bites you!
* * * LOW HITPOINT WARNING * * *
The wyvern bites you but does no damage.
You hit the wyvern.
The wyvern is lightly wounded.
The wyvern bites you!
You die...

. # #. #.##.####
......## # #.....#
.# ..##..†..# #.#
.........###..#
..##.##..##<..##.#
#.Fl@......#
..$...###...####
..##### ##.## .#
##


You could see a wyvern and a bullfrog.

Vanquished Creatures
  Menkaure (D:6)
  An orc warrior (D:6)
  A black bear (D:6)
  2 ogres
  2 centaurs (D:6)
  5 bullfrogs
  2 scorpions
  A howler monkey (D:6)
  A crimson imp (D:6)
  A bullfrog zombie (D:5)
  A hound (D:5)
  A centaur zombie (D:6)
  2 bullfrog skeletons
  7 orc priests
  3 orc wizards
  2 iguanas (D:4)
  Ijyb (D:5)
  2 worker ants
  A killer bee zombie (D:6)
  A howler monkey skeleton (D:3)
  A worker ant zombie (D:5)
  4 gnolls (D:3)
  9 adders
  A river rat (Sewer)
  A shadow imp (D:5)
  2 oozes
  2 adder zombies
  5 worms
  A dart slug (D:3)
  3 leopard geckos
  27 orcs
  15 ball pythons
  3 giant cockroaches (D:6)
  5 goblins
  11 hobgoblins
  14 jackals
  3 quokkas
  3 bats
  9 frilled lizards
  10 kobolds
  34 rats
201 creatures vanquished.

Vanquished Creatures (others)
  A bush (D:6)
  3 fungi (D:6)
  A plant (D:6)
5 creatures vanquished.

Grand Total: 206 creatures vanquished

Notes
Turn   | Place    | Note
-------+----------+-------------------------------------------
     0 | D:1      | NochnoyZador the Gargoyle Fighter began the quest for the
                  | Orb.
     0 | D:1      | Reached XP level 1. HP: 14/14 MP: 1/1
   109 | D:1      | Reached XP level 2. HP: 13/19 MP: 2/2
   262 | D:1      | Reached XP level 3. HP: 22/23 MP: 3/3
   900 | D:2      | Reached XP level 4. HP: 28/28 MP: 4/4
  1559 | D:3      | Reached skill level 5 in Maces & Flails
  1559 | D:3      | Reached skill level 1 in Staves
  1559 | D:3      | Reached XP level 5. HP: 19/32 MP: 5/5
  1620 | D:3      | Found an opulent altar of Gozag.
  1621 | D:3      | Found a glowing golden altar of the Shining One.
  1625 | D:3      | Reached skill level 2 in Staves
  2383 | D:4      | Reached XP level 6. HP: 34/37 MP: 6/6
  2481 | D:4      | Reached skill level 3 in Staves
  2623 | D:4      | Reached skill level 4 in Staves
  2923 | D:4      | Found a basalt altar of Yredelemnul.
  2926 | D:4      | Found a shattered altar of Ashenzari.
  2926 | D:4      | Found a blossoming altar of Fedhas.
  3060 | D:4      | Reached XP level 7. HP: 39/41 MP: 7/7
  3256 | D:4      | Reached skill level 5 in Staves
  3853 | D:4      | Reached skill level 1 in Evocations
  3905 | D:4      | Found a white marble altar of Elyvilon.
  3906 | D:4      | Found a bloodstained altar of Trog.
  4227 | D:5      | Entered Level 5 of the Dungeon
  4234 | D:5      | Reached skill level 1 in Dodging
  4334 | D:5      | Found a staircase to the Ecumenical Temple.
  4409 | Temple   | Entered the Ecumenical Temple
  4438 | Temple   | Became a worshipper of Warmaster Okawaru
  4492 | D:5      | Found a glowing silver altar of Zin.
  4715 | D:5      | Noticed Ijyb
  4740 | D:5      | Killed Ijyb
  4819 | D:5      | Reached XP level 8. HP: 37/48 MP: 7/9
  5195 | D:6      | Reached skill level 1 in Invocations
  5283 | D:6      | Noticed Menkaure
  5308 | D:6      | Killed Menkaure
  5308 | D:6      | Reached * piety under Okawaru
  5615 | D:6      | Found a glowing drain.
  5633 | Sewer    | Entered a sewer
  5732 | Sewer    | Reached skill level 6 in Staves
  6096 | Sewer    | Reached skill level 5 in Armour
  6096 | Sewer    | Reached XP level 9. HP: 22/53 MP: 11/11
  6368 | Sewer    | Reached skill level 5 in Fighting
  6450 | D:6      | Found a runed translucent gate.
  6451 | D:6      | Found a runed translucent gate.
  6451 | D:6      | Noticed harness's ghost (amateur SpWz)
  6451 | D:6      | Noticed a kobold demonologist
  6452 | D:6      | Found a runed translucent gate.
  6452 | D:6      | Identified the +5 dagger of Rarr {pain, +Inv Str+2 Dex+8
                  | Stlth-}
  7109 | D:7      | HP: 2/54 [wyvern (9)]
  7110 | D:7      | Mangled by a wyvern

Skill      XL: |  1  2  3  4  5  6  7  8  9 |
---------------+----------------------------+-----
Maces & Flails | 3 4 5 |  5.2
Staves         | 1 2 4 5 6 |  6.3
Evocations     | 1 2 3 |  3.2
Dodging        | 1 2 |  2.9
Shields        | 4 |  4.0
Armour         | 5 |  5.4
Fighting       | 4 5 |  5.0
Invocations    | 2 3 |  3.4

Action                   |  1- 3 |  4- 6 |  7- 9 || total
-------------------------+-------+-------+-------++-------
Melee: Flail             |   165 |    65 |       ||   230
       Quarterstaff      |       |   124 |   499 ||   623
Throw: Javelin           |       |     2 |    11 ||    13
Invok: Heroism           |       |       |     1 ||     1
  Use: Scroll            |       |     2 |    12 ||    14
       Potion            |       |       |     7 ||     7
  Eat: Chunk             |       |     8 |    12 ||    20
       Ration            |       |       |     1 ||     1
Armor: Scale mail        |   135 |    66 |       ||   201
       Leather armour    |       |    17 |   263 ||   280
Dodge: Dodged            |    73 |    83 |   392 ||   548
Block: Shield            |   130 |    19 |       ||   149
